AoeStats
← hattivatti266

Black Forest

510826101Analyzed
4v4 RM · 16h ago on Oct 2, 2026· 56m 44s· 8 players
Game mode
Random Map
Map size
Large (8 player)
Population
200
Speed
Normal
Resources
Standard
Victory
Conquest
Starting age
Dark Age
Ending age
Imperial Age
RankedLock teamsTeams togetherTeam positionsShared explorationLock speedFull tech treeHidden civsTurbo modeCheats
Victory
Defeat
🇩🇪 Goths · Germany
864
+14
🇩🇪 Khmer · Germany
863
+14
🇳🇱 Byzantines · Netherlands
857
+14
🇫🇮 Franks · Finland
855
+14
🇪🇸 Spanish · Spain
843
-15
🇮🇹 Celts · Italy
826
-14
🇩🇪 Britons · Germany
806
-14
🇸🇪 Italians · Sweden
793
-13
Pega Menis
13:06 Feudal Age
17:43 Castle Age
16:14 Gold Mining
17:11 Horse Collar
17:20 Double-Bit Axe
19:06 Fervor
27:24 Heavy Plow
28:03 Gold Shaft Mining
29:24 Bow Saw
29:11 Stone Mining
30:42 Wheelbarrow
36:09 Imperial Age
33:57 Hand Cart
37:08 Ballistics
37:53 Chemistry
37:20 Fletching
38:23 Yeomen
37:56 Elite Longbowman
40:23 Two-Man Saw
39:29 Bodkin Arrow
40:13 Bracer
40:29 Padded Archer Armor
41:50 Conscription
41:03 Elite Skirmisher
42:08 Leather Archer Armor
Wallace2987
0:28 Loom
13:13 Feudal Age
13:51 Double-Bit Axe
23:19 Castle Age
21:09 Horse Collar
21:54 Stone Mining
21:57 Gold Mining
26:33 Coinage
27:42 Gold Shaft Mining
27:47 Stone Shaft Mining
27:26 Bow Saw
30:28 Wheelbarrow
30:09 Heavy Plow
30:43 Caravan
34:08 Imperial Age
34:19 Imperial Age
34:19 Hand Cart
34:06 Fletching
34:16 Padded Archer Armor
34:27 Forging
34:18 Scale Mail Armor
34:27 Scale Barding Armor
35:27 Furor Celtica
35:20 Capped Ram
36:19 Onager
37:50 Murder Holes
38:01 Siege Engineers
39:14 Ballistics
39:53 Bodkin Arrow
40:15 Leather Archer Armor
40:35 Iron Casting
39:48 Gambesons
40:31 Conscription
40:14 Pikeman
42:19 Halberdier
48:43 Siege Ram
50:38 Iron Casting
50:52 Chain Mail Armor
50:58 Chain Barding Armor
rani
12:51 Feudal Age
16:59 Castle Age
15:56 Double-Bit Axe
16:08 Horse Collar
21:51 Fletching
23:37 Bow Saw
23:23 Gold Mining
24:43 Fortified Wall
25:23 Ballistics
27:04 Bodkin Arrow
27:10 Padded Archer Armor
31:56 Imperial Age
32:45 Bracer
33:49 Chemistry
34:09 Leather Archer Armor
37:15 Pirotechnia
WoMoNeR
8:11 Loom
11:53 Feudal Age
16:55 Castle Age
16:10 Double-Bit Axe
16:08 Horse Collar
26:41 Gold Mining
26:54 Heavy Plow
28:37 Wheelbarrow
27:48 Town Watch
32:04 Hand Cart
31:50 Town Patrol
32:51 Husbandry
33:01 Bloodlines
33:08 Forging
33:03 Scale Barding Armor
36:33 Imperial Age
38:24 Chemistry
38:18 Cavalier
40:19 Paladin
43:05 Chain Barding Armor
43:20 Iron Casting
45:08 Plate Barding Armor
48:28 Bombard Tower
52:49 Blast Furnace
hattivatti266
5:30 Loom
11:24 Feudal Age
13:39 Double-Bit Axe
16:23 Castle Age
17:44 Bow Saw
21:03 Padded Archer Armor
22:49 Wheelbarrow
22:29 Gold Mining
25:38 Hand Cart
29:21 Gold Shaft Mining
32:11 Imperial Age
31:29 Forging
31:28 Scale Barding Armor
31:16 Stone Mining
30:57 Pikeman
32:21 Husbandry
32:16 Cavalier
32:32 Elite Throwing Axeman
33:52 Iron Casting
33:38 Chain Barding Armor
34:27 Chivalry
35:48 Blast Furnace
34:47 Paladin
36:58 Chemistry
37:00 Plate Barding Armor
38:22 Scale Mail Armor
38:24 Padded Archer Armor
38:14 Fletching
40:29 Chain Mail Armor
40:30 Leather Archer Armor
39:41 Halberdier
44:29 Caravan
49:01 Plate Mail Armor
48:27 Bodkin Arrow
50:30 Light Cavalry
52:47 Heavy Scorpion
54:32 Ballistics
53:35 Ordonnance Companies
53:53 Man-at-Arms
Blackshie
0:37 Loom
12:20 Feudal Age
12:50 Double-Bit Axe
20:06 Castle Age
19:17 Wheelbarrow
18:27 Town Watch
19:09 Gold Mining
22:14 Horse Collar
28:29 Hand Cart
28:48 Bow Saw
29:35 Heavy Plow
35:03 Imperial Age
35:04 Anarchy
36:17 Crop Rotation
37:24 Scale Mail Armor
37:34 Forging
37:49 Conscription
37:14 Elite Huskarl
39:55 Perfusion
40:15 Chain Mail Armor
42:12 Two-Man Saw
42:07 Iron Casting
42:43 Squires
43:48 Blast Furnace
43:27 Caravan
DaVendetta16iD
0:33 Loom
13:15 Feudal Age
14:01 Double-Bit Axe
14:02 Horse Collar
21:45 Castle Age
25:58 Bow Saw
25:54 Heavy Plow
32:00 Imperial Age
29:34 Gold Mining
31:21 Wheelbarrow
31:09 Caravan
34:59 Bloodlines
34:49 Husbandry
34:58 Scale Barding Armor
36:19 Chain Barding Armor
37:55 Double Crossbow
39:35 Chemistry
38:40 Elite Ballista Elephant
38:50 Light Cavalry
42:11 Plate Barding Armor
42:53 Hoardings
46:52 Cavalier
50:09 Hand Cart
Maximumraver
0:53 Loom
13:03 Feudal Age
14:49 Wheelbarrow
14:01 Horse Collar
20:03 Wheelbarrow
21:54 Castle Age
21:10 Double-Bit Axe
22:55 Heavy Plow
23:12 Fletching
25:14 Bodkin Arrow
25:34 Crossbowman
26:52 Bow Saw
27:11 Padded Archer Armor
29:06 Thumb Ring
29:53 Leather Archer Armor
35:00 Caravan
38:37 Imperial Age
37:27 Forging
37:23 Scale Barding Armor
39:55 Wheelbarrow
40:17 Arbalester
47:07 Bracer
47:38 Ring Archer Armor
50:40 Onager
Connection lost

Rejoining the realm…

Still unreachable

The connection could not be restored.

Session expired

The server has moved on; the page needs a fresh start.